Match 32316330
Unlisted

Match 32316330
End
Pioneer Squad
Selects Italian Coastal Battlegroup
Selects Coastal Reserves
Coastal Reserve
Coastal Reserve
Coastal Reserve
Construct Infanterie Kompanie
MG 42 Machine Gun Team
Selects Artillery Officer
Construct Luftwaffe Kompanie
Jäger Squad
Medical Station
221 Scout Car
Artillery Officer
Support Elements
Flak 30 Anti-aircraft Gun Team
Jäger Squad
Wirbelwind Flakpanzer
Selects Designate Defensive Line
Selects Designated Artillery Overwatch
Designate Defensive Line
Wirbelwind Flakpanzer
Marder III M Tank Destroyer
Designated Artillery Overwatch
Marder III M Tank Destroyer
Designated Artillery Overwatch
Selects Obice da 210/22 Artillery Emplacement
Selects Call the Reserves!
Pioneer Squad
Wirbelwind Flakpanzer
Wirbelwind Flakpanzer
MG 42 Bunker
Designated Artillery Overwatch
Wirbelwind Flakpanzer
Jäger Squad
el campo
MaXiS
爬爬
Resident Alien
0
0

Comments sign in to comment!

No comments posted yet!